 Dungeon Crawl Stone Soup version 0.27.1 (webtiles) character file.

Game seed: 11183250069220793670

35238 robertstho the Eclecticist (level 14, -6/84 HPs)
             Began as a Djinni Fire Elementalist on Sept 3, 2021.
             Was an Initiate of Gozag.
             Killed from afar by a rime drake (28 damage)
             ... with a flash freeze
             ... on level 6 of the Lair of Beasts.
             The game lasted 00:32:53 (24985 turns).

robertstho the Eclecticist (DjFE)                  Turns: 24985, Time: 00:32:54

Health: -6/84      AC: 10    Str:  7    XL:     14   Next: 17%
Gold:   1119       EV: 18    Int: 26    God:    Gozag SH:  7 Dex: 16

rFire    + + +     SeeInvis .   c - +12 short sword "Ylavux" {freeze, rF+ rCorr Int+6}
rCold    x . .     Faith    .   f - +2 buckler
rNeg     . . .     Spirit   .   D - +1 steam dragon scales
rPois    ∞         Reflect  .   z - +0 helmet
rElec    .         Harm     .   S - scarf {+Inv}
rCorr    +         Rampage  .   I - +2 pair of gloves
Will     +....                  (boots unavailable)
Stlth    +++.......             (no amulet)
HPRegen  0.24/turn              C - +4 ring of evasion
MPRegen  0.00/turn              (no ring)

@: flying, studying Long Blades
A: sickness immunity, fire resistance 2, cold vulnerability 1, float, innate
caster, hp casting, extra vitality 1
a: Renounce Religion, Evoke Invisibility, Potion Petition, Call Merchant, Bribe
Branch


You were on level 6 of the Lair of Beasts.
You worshipped Gozag.
Gozag was most pleased with you.
You visited 3 branches of the dungeon, and saw 18 of its levels.

You collected 3409 gold pieces.
You spent 909 gold pieces at shops.
You paid 1381 gold pieces to Gozag.

Inventory:

Hand Weapons
 c - the +12 short sword "Ylavux" (weapon) {freeze, rF+ rCorr Int+6}
   (You bought it in a shop on level 10 of the Dungeon)

   It freezes those it strikes, dealing additional cold damage.
   It can also slow down cold-blooded creatures.
   Int:       It affects your intelligence (+6).
   rF:        It protects you from fire.
   rCorr:     It protects you from acid and corrosion.
 k - the +4 great sword "Cookie Cutter" {drain, rN+ MP+9 Str-5 Int+2 Dex+7}
   (You bought it in a shop on level 10 of the Dungeon)

   A truly terrible weapon, it drains the life of any living foe it strikes.
   Str:       It affects your strength (-5).
   Int:       It affects your intelligence (+2).
   Dex:       It affects your dexterity (+7).
   rN:        It protects you from negative energy.
   MP:        It affects your magic capacity (+9).
 H - a +4 scimitar of flaming
 U - the +1 scimitar of Entrepreneurial Spirit {vorpal, rPois Will+ Str+3}
   (You found it on level 4 of the Lair of Beasts)

   It inflicts extra damage upon your enemies.
   Str:       It affects your strength (+3).
   rPois:     It protects you from poison.
   Will:      It increases your willpower.
Armour
 f - a +2 buckler (worn)
 j - a +0 cloak
 z - a +0 helmet (worn)
 D - +1 steam dragon scales (worn)
 I - a +2 pair of gloves (worn)
 P - a +2 robe of fire resistance
 S - a scarf of invisibility (worn)
Jewellery
 C - a +4 ring of evasion (left hand)
 E - an amulet of the acrobat
 L - a ring of see invisible
 R - a +4 ring of evasion
Wands
 a - a wand of charming (15)
 y - a wand of digging (14)
 B - a wand of iceblast (26)
 O - a wand of flame (16)
 Q - a wand of polymorph (6)
 T - a wand of paralysis (11)
Scrolls
 b - 3 scrolls of magic mapping {unknown}
 d - a scroll of torment {unknown}
 e - 4 scrolls of amnesia {unknown}
 g - 2 scrolls of vulnerability {unknown}
 i - 9 scrolls of teleportation
 r - 5 scrolls of enchant weapon {unknown}
 u - a scroll of enchant armour {unknown}
 v - 4 scrolls of immolation {unknown}
 x - 4 scrolls of fog
 A - 5 scrolls of silence
 J - 3 scrolls of fear
 K - 2 scrolls of brand weapon
 N - a scroll of summoning
 V - a scroll of identify
Potions
 h - 2 potions of cancellation
 l - 2 potions of attraction
 m - 3 potions of lignification
 n - 5 potions of heal wounds
 p - 9 potions of curing
 q - 3 potions of mutation {unknown}
 s - 2 potions of resistance {unknown}
 t - 5 potions of brilliance {unknown}
 w - 3 potions of haste {unknown}
 F - a potion of magic {unknown}
 G - 2 potions of might
 M - 2 potions of invisibility
Miscellaneous
 o - a lightning rod (4/4)


   Skills:
 + Level 1.9 Fighting
 + Level 2.0 Polearms
 + Level 5.3 Dodging
 + Level 5.6 Stealth
 + Level 3.8 Shields
 + Level 15.9 Spellcasting


You had 8 spell levels left.
You knew the following spells:

 Your Spells              Type           Power      Damage    Failure   Level
a - Foxfire               Conj/Fire      100%       2x1d9     0%          1
b - Conjure Flame         Conj/Fire      81%        6-21      0%          3
c - Inner Flame           Hex/Fire       81%        N/A       0%          3
d - Sticky Flame          Conj/Fire      81%        2d9       1%          4
e - Fireball              Conj/Fire      40%        3d16      1%          5
f - Shock                 Conj/Air       100%       1d9       0%          1
g - Poisonous Vapours     Pois/Air       100%       N/A       0%          2
h - Summon Guardian Gole  Hex/Summ       81%        N/A       0%          3
i - Summon Lightning Spi  Summ/Air       81%        N/A       1%          4
j - Silence               Hex/Air        40%        N/A       1%          5
k - Blade Hands           Tmut           40%        N/A       1%          5
Your spell library was empty.

Dungeon Overview and Level Annotations

Branches:
Dungeon (11/15)            Temple (1/1) D:4            Lair (6/6) D:11
  Swamp (0/4) Lair:3        Snake (0/4) Lair:4          Orc (0/2) D:10
  Slime: Lair:5-6

Altars:
Ashenzari
Cheibriados
Dithmenos
Elyvilon
Fedhas
Gozag
Hepliaklqana
Kikubaaqudgha
Makhleb
Nemelex Xobeh
Okawaru
Qazlal
Ru
Sif Muna
Trog
Uskayaw
Vehumet
Wu Jian
Xom
Yredelemnul
Zin
The Shining One
Beogh

Shops:
D:2 !   D:10 (   Lair:4 !


Innate Abilities, Weirdness & Mutations

You are immune to sickness and miasma.
You are immune to poison.
Your flesh is very heat resistant. (rF++)
You are vulnerable to cold. (rC-)
You float through the air rather than walking.
You learn spells naturally, not from books.
Your magical power is your life essence.
You have superior vitality. (+4 HP)


Message History

Aim: an eight-headed hydra (severely wounded, ally target)
The fireball explodes!
The fireball engulfs the eight-headed hydra!!!
You kill the eight-headed hydra!
The cane toad croaks.
Unknown command.
Casting: Fireball (safe; 1% risk of failure)
Confirm with . or Enter, or press ? or * to list all spells.
Aiming: Fireball (safe; 1% risk of failure)
Press: ? - help, Shift-Dir - straight line The fireball explodes!
The fireball engulfs the cane toad!
The cane toad is moderately wounded.
The cane toad is no longer distracted by gold.
Your lightning spire shoots out a bolt of lightning at the cane toad!
The bolt of electricity misses the cane toad.
Unknown command.
Casting: Fireball (safe; 1% risk of failure)
Confirm with . or Enter, or press ? or * to list all spells.
Aiming: Fireball (safe; 1% risk of failure)
Press: ? - help, Shift-Dir - straight line The fireball explodes!
The fireball engulfs the cane toad!!
You kill the cane toad!
* * * LOW HITPOINT WARNING * * *
Unknown command.
Unknown command.
A rime drake comes into view.
The forest fire spreads!
A rime drake is nearby!
A rime drake is nearby!
A rime drake is nearby!
A rime drake is nearby!
Your lightning spire disappears in a puff of smoke!
Casting: Fireball (safe; 1% risk of failure)
Confirm with . or Enter, or press ? or * to list all spells.
An electric hum fills the air.
* * * LOW HITPOINT WARNING * * *
The rime drake breathes ice at you. The flash freeze hits you!!
You feel a painful chill!
You die...
Your body crumbles into a pile of gold.

.......... #.
♣............###..
♣♣...........#.....
...................
.....!...$.........
...................
♣...$.....8........ ..##
♣♣....$....@.$..... ..).#
...$k.............. ....
.............P...## ...# $
............PPP#.## #..#
...$........PP.##.#####.##
.......$....(###.....PP.P#
.............#...........#
.....................#..##
..............P......##..##


You could see a rime drake (catching breath, ally target) and a friendly
lightning spire (summoned).

Vanquished Creatures
  5 hydras
  Erica (D:8)
  A two-headed ogre (D:11)
  2 oklob plants
  A manticore (D:11)
  5 black mambas
  9 elephants
  A gargoyle (D:11)
  Maggie (D:8)
  13 cane toads
  A rime drake (Lair:1)
  5 komodo dragons
  A troll (D:10)
  4 blink frogs (Lair:3)
  A shadow (D:11)
  A wraith (D:11)
  A vampire (D:11)
  6 spriggans (Lair:1)
  A wyvern (Lair:4)
  23 yaks
  A basilisk (Lair:1)
  10 water moccasins
  An acid dragon (D:8)
  A black bear (D:7)
  A necrophage (D:5)
  7 orc warriors
  2 ice beasts
  4 ogres
  4 sky beasts
  7 wolves
  4 phantoms
  4 centaurs
  11 bullfrogs
  4 scorpions
  A water moccasin skeleton (D:7)
  5 killer bees (D:8)
  9 wights
  A howler monkey (D:4)
  9 jellies (D:8)
  3 bullfrog zombies
  3 centaur zombies
  A gnoll shaman (D:6)
  6 hounds
  6 orc priests
  A centaur skeleton (D:6)
  An iguana (D:5)
  12 orc wizards
  A killer bee zombie (D:7)
  9 adders
  7 gnolls
  A shadow imp (D:7)
  3 white imps
  An ufetubus (D:5)
  An adder skeleton (D:4)
  4 worms (D:2)
  29 orcs
  5 bats
  A bat zombie (D:1)
  16 endoplasms
  A giant cockroach (D:1)
  7 goblins
  2 hobgoblins (D:2)
  3 quokkas
  4 ball pythons
  2 frilled lizards (D:2)
  A jackal zombie (D:1)
  4 kobolds
  3 rats (D:2)
  6 bushes (Lair:1)
  3 butterflies
316 creatures vanquished.

Vanquished Creatures (collateral kills)
  2 hydras
  A two-headed ogre (D:11)
  A will-o-the-wisp (Lair:3)
  5 elephants
  A black mamba (Lair:3)
  A centaur zombie (D:11)
  2 cane toads
  2 komodo dragons
  2 wraiths
  10 yaks
  A steam dragon (Lair:3)
  A basilisk (Lair:3)
  A water moccasin (Lair:2)
  A black bear (D:6)
  A centaur (D:8)
  3 bullfrogs
  A jelly (D:6)
  An iguana (D:6)
  An orc wizard (D:6)
  2 orcs (D:7)
  4 foxfires
44 creatures vanquished.

Vanquished Creatures (others)
  The ghost of aesalon the Brawler, a journeyman MiTm of Okawaru (Lair:4)
  552 foxfires
  31 fungi
  28 plants
612 creatures vanquished.

Grand Total: 972 creatures vanquished

Notes
Turn   | Place    | Note
-------+----------+-------------------------------------------
     0 | D:1      | robertstho the Djinni Fire Elementalist began the quest for
                  | the Orb.
     0 | D:1      | Reached XP level 1. HP: 15/15 MP: 0/0
   244 | D:1      | Found a faded altar of an unknown god.
   817 | D:1      | Reached XP level 2. HP: 17/21 MP: 0/0
  1490 | D:2      | Reached skill level 3 in Spellcasting
  1613 | D:2      | Reached XP level 3. HP: 21/25 MP: 0/0
  1613 | D:2      | Learned a level 1 spell: Shock
  2368 | D:2      | Reached XP level 4. HP: 29/31 MP: 0/0
  2934 | D:2      | Found Gialag's Distillery.
  2945 | D:2      | Bought a potion of attraction for 42 gold pieces
  2945 | D:2      | Bought a potion of lignification for 42 gold pieces
  3320 | D:3      | You are sucked into a shaft and drop 2 floors!
  3320 | D:5      | Entered Level 5 of the Dungeon
  3384 | D:5      | Noticed a scorpion
  3390 | D:5      | Killed a scorpion
  3391 | D:5      | Reached skill level 4 in Spellcasting
  3391 | D:5      | Reached XP level 5. HP: 26/35 MP: 0/0
  3391 | D:5      | Learned a level 2 spell: Poisonous Vapours
  3566 | D:5      | Noticed a necrophage
  3573 | D:5      | Killed a necrophage
  3574 | D:5      | Reached XP level 6. HP: 34/40 MP: 0/0
  3708 | D:5      | Reached skill level 5 in Spellcasting
  3762 | D:5      | Reached XP level 7. HP: 38/46 MP: 0/0
  3762 | D:5      | Learned a level 3 spell: Summon Guardian Golem
  3893 | D:5      | Found an ornate altar of the Wu Jian Council.
  4478 | D:5      | Reached skill level 1 in Shields
  4639 | D:5      | Noticed a water moccasin
  4649 | D:5      | Killed a water moccasin
  4650 | D:5      | Reached skill level 6 in Spellcasting
  4963 | D:5      | Reached XP level 8. HP: 47/51 MP: 0/0
  5433 | D:6      | Reached skill level 7 in Spellcasting
  6111 | D:4      | Reached XP level 9. HP: 49/56 MP: 0/0
  6111 | D:4      | Learned a level 4 spell: Summon Lightning Spire
  6217 | D:4      | Reached skill level 1 in Fighting
  6402 | D:4      | Found a staircase to the Ecumenical Temple.
  6538 | Temple   | Entered the Ecumenical Temple
  6587 | Temple   | Became a worshipper of Gozag Ym Sagoz the Greedy
  6686 | D:6      | Reached skill level 8 in Spellcasting
  7481 | D:6      | Reached skill level 9 in Spellcasting
  7756 | D:6      | Found a white marble altar of Elyvilon.
  7833 | D:6      | Found a shimmering altar of Xom.
  8380 | D:7      | Reached XP level 10. HP: 42/62 MP: 0/0
  9328 | D:7      | Reached skill level 1 in Polearms
  9606 | D:7      | Found a sparkling altar of Nemelex Xobeh.
  9818 | D:7      | Found an iron altar of Okawaru.
  9818 | D:7      | Found a hide-covered altar of Uskayaw.
 10008 | D:7      | Found a snail-covered altar of Cheibriados.
 10136 | D:8      | Noticed Maggie
 10143 | D:8      | Killed Maggie
 10144 | D:8      | Reached skill level 10 in Spellcasting
 10824 | D:8      | Noticed Erica
 10830 | D:8      | Killed Erica
 11343 | D:8      | Found a glowing silver altar of Zin.
 11370 | D:8      | Found a broken altar of Ashenzari.
 11736 | D:8      | Reached skill level 5 in Stealth
 11739 | D:8      | Reached XP level 11. HP: 30/67 MP: 0/0
 11739 | D:8      | Learned a level 5 spell: Silence
 12128 | D:8      | Found a burning altar of Makhleb.
 12482 | D:8      | Noticed an oklob plant
 12487 | D:8      | Killed an oklob plant
 12488 | D:8      | Reached skill level 11 in Spellcasting
 13768 | D:10     | Entered Level 10 of the Dungeon
 13768 | D:10     | Found a staircase to the Orcish Mines.
 13857 | D:10     | Found a sacrificial altar of Ru.
 14866 | D:10     | Bought a faintly glowing short sword for 240 gold pieces
 14866 | D:10     | Identified the +12 short sword "Ylavux" {freeze, rF+ rCorr
                  | Int+6} (You bought it in a shop on level 10 of the Dungeon)
 14866 | D:10     | Bought a bloodstained great sword for 345 gold pieces
 14866 | D:10     | Identified the +4 great sword "Cookie Cutter" {drain, rN+
                  | MP+9 Str-5 Int+2 Dex+7} (You bought it in a shop on level
                  | 10 of the Dungeon)
 15189 | D:11     | Noticed a manticore
 15192 | D:11     | Killed a manticore
 15297 | D:11     | Found a staircase to the Lair.
 15332 | D:11     | Noticed a two-headed ogre
 15335 | D:11     | Killed a two-headed ogre
 15336 | D:11     | Reached skill level 12 in Spellcasting
 15448 | D:11     | Noticed a two-headed ogre
 15453 | D:11     | Killed a two-headed ogre
 16180 | Lair:1   | Entered Level 1 of the Lair of Beasts
 16299 | Lair:1   | Reached XP level 12. HP: 63/73 MP: 0/0
 17296 | Lair:1   | Noticed a six-headed hydra
 17300 | Lair:1   | Killed a six-headed hydra
 17301 | Lair:1   | Reached skill level 13 in Spellcasting
 17470 | Lair:1   | Noticed a four-headed hydra
 17487 | Lair:1   | Killed a four-headed hydra
 18316 | Lair:2   | Noticed an eight-headed hydra
 18320 | Lair:2   | Killed an eight-headed hydra
 19180 | Lair:3   | Reached skill level 14 in Spellcasting
 19191 | Lair:3   | Reached XP level 13. HP: 18/78 MP: 0/0
 19191 | Lair:3   | Learned a level 5 spell: Blade Hands
 19740 | Lair:3   | Reached skill level 5 in Dodging
 19872 | Lair:3   | Noticed a four-headed hydra
 19876 | Lair:3   | Killed a four-headed hydra
 20619 | Lair:3   | Found a staircase to the Swamp.
 21797 | Lair:4   | Reached skill level 15 in Spellcasting
 22273 | Lair:4   | Found a runed translucent gate.
 22273 | Lair:4   | Noticed a 12-headed hydra
 22316 | Lair:4   | Found a staircase to the Snake Pit.
 22816 | Lair:4   | Found a runed translucent gate.
 22816 | Lair:4   | Found a runed translucent gate.
 22817 | Lair:4   | Noticed aesalon's ghost (journeyman MiTm)
 23288 | Lair:4   | Killed a 12-headed hydra
 23299 | Lair:4   | Killed aesalon's ghost
 23360 | Lair:4   | Identified the +1 scimitar of Entrepreneurial Spirit
                  | {vorpal, rPois Will+ Str+3}
 23371 | Lair:4   | Bought a potion of heal wounds for 75 gold pieces
 23371 | Lair:4   | Bought a potion of heal wounds for 75 gold pieces
 23371 | Lair:4   | Bought a potion of curing for 45 gold pieces
 23371 | Lair:4   | Bought a potion of curing for 45 gold pieces
 23385 | Lair:5   | Noticed a seven-headed hydra
 23390 | Lair:5   | Killed a seven-headed hydra
 24138 | Lair:5   | Reached XP level 14. HP: 74/84 MP: 0/0
 24601 | Lair:6   | Entered Level 6 of the Lair of Beasts
 24985 | Lair:6   | Killed from afar by a rime drake

Illustrated notes

Levels and vault maps discovered:
D:1:      saegor_arrival_fortress, layout_basic, basic_ecumenical_altar,
          serial_bayou_lake_a
D:2:      layout_basic, serial_shops, nicolae_lakefront_shop, dk_noncrumbling_3,
          solitary_fountain, minmay_crystal_room, minmay_tetromino_t4
D:3:      layout_loops_corners, hex_tiny
D:4:      layout_rooms, minmay_temple_entry_poolview
D:5:      layout_gridville, mainiacjoe_overflow_cross_hatched,
          nicolae_vehumet_radiance, serial_co_window_serial, co_window_paths_b,
          co_window_paths_b, co_window_corner_a, co_window_corner_a,
          co_window_cross_1, co_window_cross_4, co_window_2corner,
          co_window_2corner, co_window_corner_b, co_window_cross_3,
          co_window_4corner_b, co_window_paths_d, glass_columns_c,
          glass_columns_b, st_stairs_2
D:6:      layout_loops_ring, xom_butterflies, general_overflow_altar,
          minmay_joined_circles
D:7:      minmay_spotlight, layout_gridville, nemelex_spade_bored_becter,
          cheibriados_altar_1, gammafunk_temple_overflow_wave
D:8:      lemuel_slime, layout_layer_cave, zin_treasury, lightli_temple_of_fire,
          ashenzari_altar_1, uniq_erica, uniq_maggie
D:9:      layout_grid_maze
D:10:     layout_roguey, mainiacjoe_overflow_boulevard,
          minmay_orc_entry_temple_small, chequers_serial_rivers_small_b
D:11:     layout_roguey, lair_entry_dummy
Temple:   jpeg_temple_alley_garden
Lair:1:   kb_forest_paths, layout_misc_corridors, minmay_lair_oklob_bushes,
          lemuel_fruit_fields
Lair:2:   layout_roguey
Lair:3:   layout_cave_pods, minmay_swamp_entry_wisps
Lair:4:   beast_lair_carwin_large_3, layout_concentric_octagons,
          dummy_snake_entry, gammafunk_ghost_hydra_chop, st_stairs_9
Lair:5:   layout_concentric_octagons
Lair:6:   evil_forest, layout_regular_city, slime_altar_1

Skill      XL: |  1  2  3  4  5  6  7  8  9 10 11 12 13 |
---------------+----------------------------------------+-----
Spellcasting   | 3 4 5 6 7 9 10 12 14 15 | 15.9
Stealth        | 2 3 5 |  5.6
Dodging        | 3 4 5 |  5.3
Shields        | 1 2 3 |  3.8
Fighting       | 1 |  1.9
Polearms       | 2 |  2.0

Action                   |  1- 3 |  4- 6 |  7- 9 | 10-12 | 13-15 || total
-------------------------+-------+-------+-------+-------+-------++-------
Melee: Trident           |       |       |    13 |       |       ||    13
 Cast: Foxfire           |    84 |    69 |   178 |       |       ||   331
       Poisonous Vapours |       |       |     5 |     7 |       ||    12
       Sticky Flame      |       |       |    17 |    15 |     9 ||    41
       Summon Lightning  |       |       |     6 |    14 |    19 ||    39
       Fireball          |       |       |     4 |   209 |   122 ||   335
       Conjure Flame     |       |       |     1 |       |       ||     1
       Silence           |       |       |       |     1 |       ||     1
       Summon Guardian G |       |       |       |       |     2 ||     2
Invok: Call Merchant     |       |       |       |     1 |     1 ||     2
  Use: Scroll            |       |     3 |       |     6 |     4 ||    13
       Potion            |       |       |       |     1 |     1 ||     2
Armor: Robe              |     6 |     2 |    12 |       |       ||    20
       Steam dragon scal |       |       |       |    14 |     2 ||    16
Dodge: Dodged            |    23 |     1 |    32 |    25 |     6 ||    87
Block: Buckler           |       |     2 |    27 |    13 |     3 ||    45
